 Dungeon Sprint DCSS version 0.27-a0-1193-g8631133539 (webtiles) character file.

Game seed: 13561221078369274078

1430 rocky1 the Blocker (level 8, -1/70 HPs)
             Began as a Minotaur Fighter on May 26, 2021.
             Was a Believer of Qazlal.
             Slain by a two-headed ogre
             ... wielding a +0 dire flail
              (19 damage)
             ... in the Dungeon (Sprint III: "The Ten Rune Challenge").
             The game lasted 00:03:43 (1391 turns).

rocky1 the Blocker (Minotaur Fighter)               Turns: 1391, Time: 00:03:43

Health: -1/70      AC:  9    Str: 22    XL:     8   Next: 44%
Magic:  9/9        EV: 11    Int:  5    God:    Qazlal [**....]
Gold:   48         SH: 16    Dex: 11    Spells: 7/7 levels left

rFire    . . .     SeeInvis .   f - +0 long sword (holy)
rCold    . . .     Faith    .   c - +0 kite shield
rNeg     . . .     Spirit   .   b - +0 scale mail
rPois    .         Reflect  .   (helmet restricted)
rElec    .         Harm     .   d - +0 cloak
rCorr    .         Rampage  .   (no gloves)
Will     .....     NoTele   +   (no boots)
Stlth    ..........             (no amulet)
HPRegen  0.21/turn              (no ring)
MPRegen  0.11/turn              (no ring)

@: no status effects
A: horns 2, retaliatory headbutt
a: Renounce Religion, Upheaval


You were in the Dungeon.
You worshipped Qazlal.
Qazlal was pleased with you.
You visited 1 branch You collected 48 gold pieces.

Inventory:

Hand Weapons
 a - a +0 long sword
 f - a +0 long sword of holy wrath (weapon)
Armour
 b - a +0 scale mail (worn)
 c - a +0 kite shield (worn)
 d - a +0 cloak (worn)
Scrolls
 k - a scroll of immolation {unknown}
 l - a scroll of identify {unknown}
 n - 2 scrolls of holy word {unknown}
Potions
 h - 2 potions of magic
 m - 2 potions of flight {unknown}
 o - 5 potions of mutation


   Skills:
 - Level 5.8 Fighting
 + Level 13.7 Long Blades
 + Level 7.2 Armour
 + Level 5.4 Dodging
 + Level 13.9 Shields
 + Level 3.1 Invocations


You had 7 spell levels left.
You didn't know any spells.
Your spell library contained the following spells:

 Spells                   Type           Power      Damage    Failure   Level
 Animate Skeleton         Necr           0%         N/A       82%         1
 Pain                     Necr           0%         1d4       82%         1
 Vampiric Draining        Necr           0%         2d6       99%         3
 Animate Dead             Necr           0%         N/A       100%        4
 Agony                    Necr           0%         N/A       100%        5


Dungeon Overview and Level Annotations

Branches:
Dungeon (1/1)

Altars:
Cheibriados
Dithmenos
Elyvilon
Fedhas
Gozag
Hepliaklqana
Kikubaaqudgha
Makhleb
Nemelex Xobeh
Okawaru
Qazlal
Ru
Sif Muna
Trog
Uskayaw
Vehumet
Wu Jian
Xom
Yredelemnul
Zin
The Shining One
Beogh
Jiyva
Lugonu


Innate Abilities, Weirdness & Mutations

You have a pair of horns on your head.
You reflexively headbutt those who attack you in melee.


Message History

The two-headed ogre hits you with a +0 giant club.
You slash the two-headed ogre!
The two-headed ogre is moderately wounded.
You slash the two-headed ogre!
The two-headed ogre is heavily wounded.
You block the two-headed ogre's attack. x2
You slash the two-headed ogre!
Your headbutt misses the two-headed ogre.
The two-headed ogre is almost dead.
You hit the two-headed ogre but do no damage.
The two-headed ogre is almost dead.
You block the two-headed ogre's attack.
The two-headed ogre hits you with a +0 giant club!!
You barely miss the two-headed ogre.
The two-headed ogre is almost dead.
You block the two-headed ogre's attack. x2
You slash the two-headed ogre! You headbutt the two-headed ogre.
You kill the two-headed ogre!
Qazlal accepts your kill.
Your Invocations skill increases to level 3!
You block the two-headed ogre's attack.
The two-headed ogre hits you with a +0 giant club!
Items here: )))) ††.
You slash the two-headed ogre!
The two-headed ogre is moderately wounded.
The two-headed ogre hits you with a +0 dire flail.
* * * LOW HITPOINT WARNING * * *
You block the two-headed ogre's attack.
You slash the two-headed ogre!
The two-headed ogre is heavily wounded.
You slash the two-headed ogre!
The two-headed ogre is severely wounded.
You block the two-headed ogre's attack. The two-headed ogre closely misses you.
You hit the two-headed ogre.
Your headbutt misses the two-headed ogre.
The two-headed ogre is almost dead.
You hit the two-headed ogre.
The two-headed ogre is almost dead.
The two-headed ogre hits you with a +0 dire flail!!
You die...

#..###'#'###)##
#..#..........#
...'.⌠........#
...#...######'#
...#.⌠.#__#...# # #
...#...#__#...#
.#.#
...#)###__#...##
#..
...#.).#__#...'##.#
...#___#__'...#.@O#
▓▓▓▓▓▓▓▓▓▓▓▓▓▓▓▓▓▓▓


You could see a two-headed ogre.

Vanquished Creatures
  A deep elf pyromancer (D)
  A shadow (D)
  A spatial vortex (D)
  A necrophage (D)
  2 two-headed ogres (D)
  A water elemental (D)
  Crazy Yiuf (D)
  A jelly (D)
  A necromancer (D)
  A wizard (D)
  3 humans (D)
  A kobold demonologist (D)
  4 rats (D)
19 creatures vanquished.

Notes
Turn   | Place    | Note
-------+----------+-------------------------------------------
     0 | D        | rocky1 the Minotaur Fighter began the quest for the Orb.
     0 | D        | Reached XP level 1. HP: 19/19 MP: 0/0
    93 | D        | Noticed Crazy Yiuf
   105 | D        | Reached skill level 5 in Long Blades
   105 | D        | Reached skill level 5 in Shields
   105 | D        | Reached XP level 2. HP: 14/26 MP: 1/1
   106 | D        | Killed Crazy Yiuf
   107 | D        | Reached XP level 3. HP: 17/31 MP: 2/2
   241 | D        | Noticed a water elemental
   246 | D        | Killed a water elemental
   247 | D        | Reached XP level 4. HP: 39/39 MP: 3/3
   425 | D        | Found a glowing silver altar of Zin.
   426 | D        | Found a glowing golden altar of the Shining One.
   426 | D        | Found a white marble altar of Elyvilon.
   426 | D        | Noticed a deep elf pyromancer
   443 | D        | Noticed a fire elemental
   443 | D        | Noticed a fire elemental
   445 | D        | HP: 1/39 [fire elemental[a deep elf pyromancer] (10)]
   446 | D        | Killed a deep elf pyromancer
   447 | D        | Reached XP level 5. HP: 1/45 MP: 4/4
   447 | D        | Reached XP level 6. HP: 1/51 MP: 5/5
   447 | D        | Reached XP level 7. HP: 2/57 MP: 6/6
   924 | D        | Noticed a shadow
   926 | D        | Killed a shadow
   934 | D        | Found a blossoming altar of Fedhas.
   934 | D        | Found a stormy altar of Qazlal.
   934 | D        | Found a snail-covered altar of Cheibriados.
   934 | D        | Found a burning altar of Makhleb.
   934 | D        | Found a shimmering altar of Xom.
   934 | D        | Noticed a spatial vortex
   935 | D        | Found a hazy altar of Hepliaklqana.
   935 | D        | Found an opulent altar of Gozag.
   935 | D        | Found a sparkling altar of Nemelex Xobeh.
   935 | D        | Found a corrupted altar of Lugonu.
   935 | D        | Found a viscous altar of Jiyva.
   939 | D        | Killed a spatial vortex
   940 | D        | Reached skill level 5 in Fighting
   940 | D        | Reached skill level 5 in Armour
   941 | D        | Became a worshipper of Qazlal Stormbringer
   955 | D        | Found a basalt altar of Yredelemnul.
   955 | D        | Found a shadowy altar of Dithmenos.
   955 | D        | Found a sacrificial altar of Ru.
   970 | D        | Found a hide-covered altar of Uskayaw.
   970 | D        | Found an iron altar of Okawaru.
   970 | D        | Found a bloodstained altar of Trog.
   970 | D        | Found an ornate altar of the Wu Jian Council.
   970 | D        | Noticed a human
   972 | D        | Noticed a human
  1019 | D        | Killed a human
  1019 | D        | Reached * piety under Qazlal
  1020 | D        | Reached skill level 1 in Invocations
  1020 | D        | Reached XP level 8. HP: 8/70 MP: 6/8
  1316 | D        | Found a radiant altar of Vehumet.
  1316 | D        | Found a shimmering blue altar of Sif Muna.
  1316 | D        | Found an ancient bone altar of Kikubaaqudgha.
  1319 | D        | Reached skill level 5 in Dodging
  1320 | D        | Reached ** piety under Qazlal
  1391 | D        | Slain by a two-headed ogre

Illustrated notes

Levels and vault maps discovered:
D:        dungeon_sprint_mu [sprint_mu_entry_cave, sprint_mu_temple_rooms,
          sprint_mu_d1_spiders, sprint_mu_d2_genie, sprint_mu_d3_branching,
          sprint_mu_orc_legion, sprint_mu_elf_gauntlet, sprint_mu_hive_nellie,
          sprint_mu_lair_fedhas, sprint_mu_vaults_butterflies,
          sprint_mu_slime_circle, sprint_mu_swamp_cave, sprint_mu_snake_twists,
          sprint_mu_blade_basic, sprint_mu_crypt_lich, sprint_mu_tomb_spiral,
          sprint_mu_vestibule_basic, sprint_mu_gehenna_hellfire,
          sprint_mu_dis_giant, sprint_mu_tartarus_statrot,
          sprint_mu_cocytus_islands, sprint_mu_zot1]

Skill      XL: |  1  2  3  4  5  6  7  8 |
---------------+-------------------------+-----
Long Blades    | 5 6 8 12 13 | 13.7
Shields        | 5 7 8 12 13 | 13.9
Fighting       | 5 |  5.8
Armour         | 6 7 |  7.2
Dodging        | 4 5 |  5.4
Invocations    | 1 3 |  3.1

Action                   |  1- 3 |  4- 6 |  7- 9 || total
-------------------------+-------+-------+-------++-------
Melee: Long sword        |    22 |    11 |    71 ||   104
       Headbutt          |     4 |     2 |    15 ||    21
  Use: Potion            |     2 |     2 |     2 ||     6
       Scroll            |       |       |     1 ||     1
Armor: Scale mail        |     4 |     2 |    10 ||    16
Dodge: Dodged            |     4 |     1 |    11 ||    16
Block: Kite shield       |    12 |     2 |    38 ||    52
       Rpst.: Long sword |     1 |       |     2 ||     3

Table legend: (Time is in decaauts)
 A = Elapsed time spent in this place.
 B = Non-inter-level travel time spent in this place.
 C = Inter-level travel time spent in this place.
 D = Time resting spent in this place.
 E = Time spent auto-exploring this place.
 F = Levels seen in this place.
 G = Mean time per level.
                   A        B        C        D        E       F      G
               +--------+--------+--------+--------+--------+-----+--------+
         Total |   1380 |   1380 |      0 |   1048 |      0 |   1 | 1380.0 |
       Dungeon |   1380 |   1380 |      0 |   1048 |      0 |   1 | 1380.0 |
               +--------+--------+--------+--------+--------+-----+--------+

Top non-repeatable levels by time:
       D: 1380 daAuts
